 Dungeon Crawl Stone Soup version 0.23.2-33-g5129a83184 (webtiles) character file.

Game seed: 4867469547050765962

53 DildoBatman the Conjurer (level 4, -1/30 HPs)
             Began as a Formicid Wizard on July 9, 2019.
             Slain by an adder (3 damage)
             ... on level 2 of the Dungeon.
             The game lasted 00:02:54 (1364 turns).

DildoBatman the Conjurer (Formicid Wizard)          Turns: 1364, Time: 00:02:54

Health: -1/30      AC:  2    Str: 12    XL:     4   Next: 11%
Magic:  8/8        EV: 12    Int: 18    God:
Gold:   145        SH:  0    Dex:  9    Spells: 2/9 levels left

rFire    . . .     SeeInvis +   g - +0 club
rCold    . . .     Gourm    .   (no shield)
rNeg     . . .     Faith    .   a - +0 robe
rPois    .         Spirit   .   (helmet unavailable)
rElec    .         Reflect  .   (no cloak)
rCorr    .         Harm     .   (no gloves)
MR       .....                  (no boots)
Stlth    +.........             (no amulet)
HPRegen  0.10/turn              d - ring of attention (curse)
MPRegen  0.11/turn              (no ring)

@: lethally poisoned (-1 -> -6)
A: permanent stasis, dig shafts and tunnels, four strong arms, antennae 3
a: Dig, Shaft Self


You were on level 2 of the Dungeon.
You were not hungry.

You visited 1 branch of the dungeon, and saw 2 of its levels.

You collected 145 gold pieces.

Inventory:

Hand Weapons
 g - a +0 club (weapon)
Missiles
 h - 38 stones (quivered)
 j - 10 poisoned needles
 m - 15 arrows
Armour
 a - a +0 robe (worn)
Jewellery
 d - a cursed ring of attention (left hand)
Scrolls
 b - a scroll of enchant weapon {unknown}
 c - 3 scrolls of remove curse {unknown}
 e - a scroll of enchant armour {unknown}
 f - a scroll of identify {unknown}
 k - 2 scrolls of magic mapping {unknown}
Potions
 i - a potion of heal wounds {unknown}
 l - a potion of cancellation {unknown}
 n - a potion of agility {unknown}
 p - a potion of curing {unknown}
Comestibles
 o - a chunk of flesh
 v - a ration


   Skills:
 - Level 1.7 Dodging
 - Level 2.4 Stealth
 - Level 3.2 Spellcasting
 * Level 3.3 Conjurations
   Level 1.0 Summonings
   Level 0.8 Translocations


You had 2 spell levels left.
You knew the following spells:

 Your Spells              Type           Power        Failure   Level  Hunger
a - Conjure Flame         Conj/Fire      #.......     24%         3    ###....
c - Magic Dart            Conj           ##..         4%          1    None
e - Mephitic Cloud        Conj/Pois/Air  #.......     30%         3    ###....

Your spell library contained the following spells:

 Spells                   Type           Power        Failure   Level  Hunger
 Call Imp                 Summ           #.......     16%         2    ##.....
 Slow                     Hex            #.......     24%         2    ##.....
 Blink                    Tloc           Unusable     N/A         2    N/A

Dungeon Overview and Level Annotations

Branches:
Dungeon (2/15)

Altars:
Wu Jian


Innate Abilities, Weirdness & Mutations

You cannot be hasted, slowed, berserked, paralysed or teleported.
You can dig through walls and to a lower floor.
Your four strong arms can wield two-handed weapons with a shield.
You have a pair of large antennae on your head. (SInv)


Message History

Orders for allies: a - Attack new target. r - Retreat! s - Stop attacking. g - Guard the area. f - Follow me.
Anything else - Cancel.
You shout for attention!
The adder bites you.
You are lethally poisoned!
The adder poisons you! The rat bites you. The kobold hits you.
What are your orders? t - Shout!
Orders for allies: a - Attack new target. r - Retreat! s - Stop attacking. g - Guard the area. f - Follow me.
Anything else - Cancel.
You shout for attention!
You feel sick. The adder bites you.
You die...

.......#. ##...# #.#
........#.###....####.#
.............._........
.........###....###.####
.........# #...## #...
.........# ###.# # .
.........# #.####...
......SK.#####......#
......r@.......##...#
..........##..## ..#
..........##..# .#
....##..≈.≈....≈ # ...
##...≈≈.≈≈≈. ..
#≈.≈≈≈≈≈≈≈≈≈≈ .
#..≈≈≈≈≈≈≈≈≈≈. #.
#≈≈≈≈≈≈≈≈≈≈≈... #.
.≈.≈≈≈...≈≈≈≈...#.


You could see an adder, a kobold and a rat.

Vanquished Creatures
  A bullfrog skeleton (D:2)
  2 giant cockroaches (D:1)
  4 goblins
  5 hobgoblins (D:1)
  A quokka (D:2)
  4 bats (D:1)
  A frilled lizard (D:1)
  2 kobolds (D:1)
  5 rats
  A fungus (D:1)
26 creatures vanquished.

Vanquished Creatures (others)
  4 toadstools (D:1)
4 creatures vanquished.

Grand Total: 30 creatures vanquished

Notes
Turn   | Place    | Note
-------+----------+-------------------------------------------
     0 | D:1      | DildoBatman the Formicid Wizard began the quest for the
                  | Orb.
     0 | D:1      | Reached XP level 1. HP: 13/13 MP: 4/4
    38 | D:1      | Reached skill level 1 in Conjurations
   324 | D:1      | Reached XP level 2. HP: 19/19 MP: 0/6
   928 | D:1      | Reached XP level 3. HP: 24/24 MP: 4/7
   933 | D:1      | Learned a level 3 spell: Conjure Flame
   937 | D:1      | Learned a level 3 spell: Mephitic Cloud
  1218 | D:2      | Found an ornate altar of the Wu Jian Council.
  1279 | D:2      | Reached XP level 4. HP: 13/30 MP: 1/8
  1364 | D:2      | Slain by an adder

Skill      XL: |  1  2  3 |
---------------+----------+-----
Conjurations   | 1 2 3 |  3.3
Dodging        | |  1.7
Stealth        | |  2.4
Spellcasting   | |  3.2
Summonings     | |  1.0
Translocations | |  0.8

Action                   |  1- 3 |  4- 6 || total
-------------------------+-------+-------++-------
Melee: Unarmed           |    38 |       ||    38
       Club              |    13 |       ||    13
 Cast: Magic Dart        |    59 |       ||    59
 Abil: Dig               |     1 |       ||     1
  Eat: Chunk             |     1 |       ||     1
Armor: Robe              |    10 |     5 ||    15
Dodge: Dodged            |    29 |    14 ||    43
